Blues vs Panthers

Created - 21 décembre 2020 at 09:43

Goals
1 2 3 T
Blues 0 2 0 2
Panthers 2 0 2 4
Shots
1 2 3 T
Blues 12 7 14 33
Panthers 7 11 17 35

1st period

1. Panthers , Nikita Gusev 8 (Marcus Foligno 3, Patrik Nemeth 3) at 10:03
2. Panthers , Vincent Trocheck 5 (Travis Zajac 3) at 12:02

Penalties :
Evander Kane (STL) for Interference (Minor) at 19:46

2nd period

3. Blues , Evgeny Kuznetsov 10 (Evander Kane 12, Anthony Cirelli 8) at 15:56
4. Blues , Evgeny Kuznetsov 11 (Morgan Rielly 8) at 19:41

Penalties :
Nathan Beaulieu (FLA) for Holding Stick (Minor) at 7:05, Patrik Nemeth (FLA) for Roughing (Minor) at 12:03

3rd period

5. Panthers , Vincent Trocheck 6 (Travis Zajac 4, Mats Zuccarello 9) at 3:15
6. Panthers , Travis Zajac 3 (Mats Zuccarello 10) at 4:42 (PP)

Penalties :
Evander Kane (STL) for Elbowing (Minor) at 4:38, Zach Sanford (STL) for Holding (Minor) at 7:38

Goalie Stats

Jonathan Quick (STL), 31 saves from 35 shots - (0,886), L, 3-7-0, 60:00 minutes
Pekka Rinne (FLA), 31 saves from 33 shots - (0,939), W, 6-4-4, 60:00 minutes

Players Stats for Blues

Player Name              G  A  P  +/- PIM S  H  SB GA TA FO     MP     PP MP  PK MP  
------------------------------------------------------------------------------------
Andy Greene              0  0  0   0  0   2  0  5  0  1  0/0    24:35   2:48   2:17 
Anthony Cirelli          0  1  1   0  0   1  2  1  1  1  0/1    21:43   2:14   1:29 
Christian Dvorak         0  0  0   0  0   3  0  0  1  0  5/8    12:49   0:00   0:00 
Colin White              0  0  0   0  0   4  2  0  1  1  0/0    12:04   0:00   0:00 
Curtis Lazar             0  0  0   0  0   1  0  0  0  1  0/0     7:42   0:00   0:00 
Evander Kane             0  1  1   0  4   3  3  1  1  0  0/1    21:14   2:14   1:00 
Evgeny Kuznetsov         2  0  2   0  0   5  1  0  0  0  14/34  22:10   2:14   2:12 
Jeff Carter              0  0  0  -1  0   4  4  0  0  0  8/12   15:22   1:44   0:00 
Jonathan Drouin          0  0  0  -1  0   5  4  0  0  0  0/1    17:00   1:44   1:20 
Justin Faulk             0  0  0   0  0   1  1  0  0  2  0/0    20:07   1:10   1:45 
MacKenzie Weegar         0  0  0   0  0   0  1  0  0  0  0/0    11:46   0:00   0:00 
Marc-Edouard Vlasic      0  0  0   0  0   0  1  1  2  0  0/0    20:07   1:10   1:45 
Matt Martin              0  0  0   0  0   0  0  0  0  0  0/0     0:40   0:00   0:00 
Melker Karlsson          0  0  0   0  0   0  2  0  0  0  2/4     8:03   0:00   0:32 
Michael Frolik           0  0  0   0  0   2  1  0  1  0  0/0     7:31   0:00   0:00 
Mike Reilly              0  0  0  -1  0   0  0  0  0  0  0/0     3:32   0:00   0:00 
Morgan Rielly            0  1  1  -1  0   0  1  1  1  1  0/0    27:53   2:48   2:17 
Reilly Smith             0  0  0  -1  0   2  5  0  1  0  0/1    15:33   1:44   0:20 
Sean Walker              0  0  0   0  0   0  0  0  0  0  0/0    12:00   0:00   0:00 
Zach Sanford             0  0  0   0  2   0  4  0  0  0  2/4    14:04   0:00   1:11 

Players Stats for Panthers

Player Name              G  A  P  +/- PIM S  H  SB GA TA FO     MP     PP MP  PK MP  
------------------------------------------------------------------------------------
Garnet Hathaway          0  0  0   1  0   1  2  0  1  0  6/17   17:03   1:56   0:00 
Greg Pateryn             0  0  0   0  0   0  0  1  0  0  0/0    15:03   0:49   0:00 
Jacob de La Rose         0  0  0   0  0   1  2  0  0  0  3/4     7:11   0:00   0:44 
Jamie Oleksiak           0  0  0   0  0   3  2  1  0  0  0/0    19:23   1:43   1:33 
Jonas Siegenthaler       0  0  0   0  0   1  0  1  0  1  0/0    12:17   0:11   1:52 
Josh Archibald           0  0  0   0  0   1  1  0  0  1  0/0    14:00   0:00   0:00 
Josh Norris              0  0  0   0  0   3  1  0  0  1  3/7    14:27   0:00   0:44 
Libor Hajek              0  0  0  -1  0   0  0  0  0  0  0/0     4:57   0:00   0:00 
Marcus Foligno           0  1  1   1  0   2  1  0  0  0  0/1    18:03   1:56   1:00 
Mats Zuccarello          0  2  2   0  0   5  0  0  0  0  0/0    21:21   2:06   1:00 
Matt Moulson             0  0  0   0  0   1  3  0  0  0  0/0    14:13   0:00   0:00 
Nathan Beaulieu          0  0  0   0  2   1  0  1  0  0  0/0    11:09   0:43   0:46 
Nikita Gusev             1  0  1   1  0   3  1  1  1  1  0/0    17:23   1:56   0:00 
Patrik Nemeth            0  1  1   2  2   2  0  1  0  1  0/0    24:15   2:19   1:12 
Travis Zajac             1  2  3   0  0   3  4  1  0  0  19/33  26:05   2:06   2:14 
Trevor Daley             0  0  0  -1  0   0  0  0  0  1  0/0     7:36   0:00   0:08 
Tyson Barrie             0  0  0   2  0   3  0  0  1  0  0/0    25:29   2:19   2:25 
Vincent Trocheck         2  0  2   0  0   5  2  0  4  3  4/4    26:05   2:06   2:14 

3 Stars

1 - Travis Zajac (FLA)
2 - Vincent Trocheck (FLA)
3 - Evgeny Kuznetsov (STL)

Power Play

Blues - 0 on 2 Attempt(s) - 0,00%
Panthers - 1 on 3 Attempt(s) - 33,33%

Penalty Kill

Blues - 2 on 3 Attempt(s) - 66,67% - Score 0 goal in Penalty Kill
Panthers - 2 on 2 Attempt(s) - 100,00% - Score 0 goal in Penalty Kill

Team Stat

Blues - Hits : 32 - Faceoff Wins : 31 - Blocked Shots : 9 - Penalty Minutes : 6
Panthers - Hits : 19 - Faceoff Wins : 35 - Blocked Shots : 7 - Penalty Minutes : 4

Official

Referees : Dan Kelly and Pierre Lambert
Linesman : Steven Berry and Devin Berg

Game Notes

Nathan Beaulieu is injured at 1:37 of 3rd period (Strained Right Elbow)

Finance

Level 1 -- Attendance: 4465 (74,42%) -- Ticket Income 446 500 $
Level 2 -- Attendance: 4854 (97,08%) -- Ticket Income 291 240 $
Level 3 -- Attendance: 1789 (89,45%) -- Ticket Income 62 615 $
Level 4 -- Attendance: 3566 (89,15%) -- Ticket Income 71 320 $
Luxury Box -- Attendance: 802 (80,20%) -- Ticket Income 160 400 $
Game was played at the Sunrise Arena.
Total Attendance: 15476 (85,98%)
Total Ticket Income: 1 032 075 $
Other Income: 505 717 $
Total Income: 1 537 792 $

Blues

5 vs 5 Forward 
   Center                   Left Wing                Right Wing               Time % Phy DF OF 
 1 Evgeny Kuznetsov         Evander Kane             Anthony Cirelli          40     1   2  2  
 2 Jeff Carter              Reilly Smith             Jonathan Drouin          30     1   2  2  
 3 Christian Dvorak         Zach Sanford             Colin White              20     1   2  2  
 4 Melker Karlsson          Michael Frolik           Curtis Lazar             10     1   2  2  

5 vs 5 Defense 
   Defense                  Defense                                           Time % Phy DF OF 
 1 Morgan Rielly            Andy Greene                                       40     1   2  2  
 2 Marc-Edouard Vlasic      Justin Faulk                                      30     1   2  2  
 3 MacKenzie Weegar         Sean Walker                                       20     1   2  2  
 4 Mike Reilly              Morgan Rielly                                     10     1   2  2  

PowerPlay Forward 
   Center                   Left Wing                Right Wing               Time % Phy DF OF 
 1 Evgeny Kuznetsov         Evander Kane             Anthony Cirelli          60     1   2  2  
 2 Jeff Carter              Reilly Smith             Jonathan Drouin          40     1   2  2  

PowerPlay Defense
   Defense                  Defense                                           Time % Phy DF OF 
 1 Morgan Rielly            Andy Greene                                       60     1   2  2  
 2 Marc-Edouard Vlasic      Justin Faulk                                      40     1   2  2  

Penalty Kill 4 Players Forward 
   Center                   Wing                     Time % Phy DF OF 
 1 Evander Kane             Evgeny Kuznetsov         60     1   2  2  
 2 Anthony Cirelli          Reilly Smith             40     1   2  2  

Penalty Kill 4 Players Defense
   Defense                  Defense                  Time % Phy DF OF 
 1 Morgan Rielly            Andy Greene              60     1   2  2  
 2 Marc-Edouard Vlasic      Justin Faulk             40     1   2  2  

Penalty Kill - 3 Players Forward 
   Forward                                           Time % Phy DF OF 
 1 Evander Kane                                      60     1   2  2  
 2 Evgeny Kuznetsov                                  40     1   2  2  

Penalty Kill - 3 Players Defense
   Defense                  Defense                  Time % Phy DF OF 
 1 Morgan Rielly            Andy Greene              60     1   2  2  
 2 Marc-Edouard Vlasic      Justin Faulk             40     1   2  2  

4 vs 4 Forward 
   Center                   Wing                     Time % Phy DF OF 
 1 Evander Kane             Evgeny Kuznetsov         60     1   2  2  
 2 Anthony Cirelli          Reilly Smith             40     1   2  2  

4 vs 4 Defense
   Defense                  Defense                  Time % Phy DF OF 
 1 Morgan Rielly            Andy Greene              60     1   2  2  
 2 Marc-Edouard Vlasic      Justin Faulk             40     1   2  2  

Last Minutes Offensive
   Center                   Left Wing                Right Wing               Defense                  Defense                  
   Evgeny Kuznetsov         Evander Kane             Anthony Cirelli          Morgan Rielly            Andy Greene              

Last Minutes Defensive
   Center                   Left Wing                Right Wing               Defense                  Defense                  
   Evgeny Kuznetsov         Evander Kane             Anthony Cirelli          Morgan Rielly            Andy Greene              

Goaltenders
Starting : Jonathan Quick           
Backup : Brian Elliott            

Extra Forwards
Normal : Matt Martin, Christian Dvorak, Zach Sanford - PP : Matt Martin, Christian Dvorak - PK : Zach Sanford
Extra Defensemen
Normal : MacKenzie Weegar, Sean Walker, Mike Reilly - PP : MacKenzie Weegar - PK : Sean Walker, Mike Reilly
Penalty Shots
Evander Kane, Evgeny Kuznetsov, Anthony Cirelli, Reilly Smith, Jeff Carter
Custom OT Lines Forwards
Evander Kane, Evgeny Kuznetsov, Anthony Cirelli, Reilly Smith, Jeff Carter, Christian Dvorak, Jonathan Drouin, Zach Sanford, Colin White, Michael Frolik
Custom OT Lines Defensemen
Morgan Rielly, Andy Greene, Marc-Edouard Vlasic, Justin Faulk, MacKenzie Weegar

Scratches
Ryan Reaves (Healthy)

Panthers

5 vs 5 Forward 
   Center                   Left Wing                Right Wing               Time % Phy DF OF 
 1 Travis Zajac             Vincent Trocheck         Mats Zuccarello          40     1   2  2  
 2 Garnet Hathaway          Marcus Foligno           Nikita Gusev             30     1   2  2  
 3 Josh Norris              Josh Archibald           Matt Moulson             20     1   2  2  
 4 Jacob de La Rose         Travis Zajac             Vincent Trocheck         10     1   2  2  

5 vs 5 Defense 
   Defense                  Defense                                           Time % Phy DF OF 
 1 Patrik Nemeth            Tyson Barrie                                      40     1   2  2  
 2 Nathan Beaulieu          Jamie Oleksiak                                    30     1   2  2  
 3 Greg Pateryn             Jonas Siegenthaler                                20     1   2  2  
 4 Trevor Daley             Libor Hajek                                       10     1   2  2  

PowerPlay Forward 
   Center                   Left Wing                Right Wing               Time % Phy DF OF 
 1 Travis Zajac             Vincent Trocheck         Mats Zuccarello          60     1   2  2  
 2 Garnet Hathaway          Marcus Foligno           Nikita Gusev             40     1   2  2  

PowerPlay Defense
   Defense                  Defense                                           Time % Phy DF OF 
 1 Patrik Nemeth            Tyson Barrie                                      60     1   2  2  
 2 Nathan Beaulieu          Jamie Oleksiak                                    40     1   2  2  

Penalty Kill 4 Players Forward 
   Center                   Wing                     Time % Phy DF OF 
 1 Travis Zajac             Vincent Trocheck         60     1   2  2  
 2 Mats Zuccarello          Marcus Foligno           40     1   2  2  

Penalty Kill 4 Players Defense
   Defense                  Defense                  Time % Phy DF OF 
 1 Patrik Nemeth            Tyson Barrie             60     1   2  2  
 2 Nathan Beaulieu          Jamie Oleksiak           40     1   2  2  

Penalty Kill - 3 Players Forward 
   Forward                                           Time % Phy DF OF 
 1 Travis Zajac                                      60     1   2  2  
 2 Vincent Trocheck                                  40     1   2  2  

Penalty Kill - 3 Players Defense
   Defense                  Defense                  Time % Phy DF OF 
 1 Patrik Nemeth            Tyson Barrie             60     1   2  2  
 2 Nathan Beaulieu          Jamie Oleksiak           40     1   2  2  

4 vs 4 Forward 
   Center                   Wing                     Time % Phy DF OF 
 1 Travis Zajac             Vincent Trocheck         60     1   2  2  
 2 Mats Zuccarello          Marcus Foligno           40     1   2  2  

4 vs 4 Defense
   Defense                  Defense                  Time % Phy DF OF 
 1 Patrik Nemeth            Tyson Barrie             60     1   2  2  
 2 Nathan Beaulieu          Jamie Oleksiak           40     1   2  2  

Last Minutes Offensive
   Center                   Left Wing                Right Wing               Defense                  Defense                  
   Travis Zajac             Vincent Trocheck         Mats Zuccarello          Patrik Nemeth            Tyson Barrie             

Last Minutes Defensive
   Center                   Left Wing                Right Wing               Defense                  Defense                  
   Travis Zajac             Vincent Trocheck         Mats Zuccarello          Patrik Nemeth            Tyson Barrie             

Goaltenders
Starting : Pekka Rinne              
Backup : Antti Raanta             

Extra Forwards
Normal : Josh Archibald, Matt Moulson, Josh Norris - PP : Josh Archibald, Matt Moulson - PK : Josh Norris
Extra Defensemen
Normal : Greg Pateryn, Jonas Siegenthaler, Trevor Daley - PP : Greg Pateryn - PK : Jonas Siegenthaler, Trevor Daley
Penalty Shots
Travis Zajac, Vincent Trocheck, Mats Zuccarello, Marcus Foligno, Nikita Gusev
Custom OT Lines Forwards
Travis Zajac, Vincent Trocheck, Mats Zuccarello, Marcus Foligno, Nikita Gusev, Josh Archibald, Matt Moulson, Garnet Hathaway, Josh Norris, Jacob de La Rose
Custom OT Lines Defensemen
Patrik Nemeth, Tyson Barrie, Nathan Beaulieu, Jamie Oleksiak, Greg Pateryn

Scratches
Taylor Hall (Healthy), Aaron Dell (Healthy), Marcus Hogberg (Healthy)

% Time on Ice - Blues

Lines # - Real PCT - Wanted PCT - Time Play
Normal Forward
1 - 36% - 40% - 18:32
2 - 27% - 30% - 13:53
3 - 23% - 20% - 12:04
4 - 14% - 10% - 7:31
Normal Defense
1 - 38% - 40% - 19:30
2 - 33% - 30% - 17:12
3 - 23% - 20% - 11:46
4 - 7% - 10% - 3:32
PP Forward
1 - 56% - 60% - 2:14
2 - 44% - 40% - 1:44
PP Defense
1 - 71% - 60% - 2:48
2 - 29% - 40% - 1:10
PK Forward
1 - 92% - 60% - 3:42
2 - 8% - 40% - 0:20
PK Defense
1 - 57% - 60% - 2:17
2 - 43% - 40% - 1:45
PK3 Forward
1 - 0% - 60%
2 - 0% - 40%
PK3 Defense
1 - 0% - 60%
2 - 0% - 40%
44 Forward
1 - 0% - 60%
2 - 0% - 40%
44 Defense
1 - 0% - 60%
2 - 0% - 40%
Last Minute Offensive  - 0:00
Last Minute Defensive  - 0:00
Total
Forward - 60:00
Defense - 60:00

% Time on Ice - Panthers

Lines # - Real PCT - Wanted PCT - Time Play
Normal Forward
1 - 35% - 40% - 18:14
2 - 29% - 30% - 15:07
3 - 26% - 20% - 13:25
4 - 10% - 10% - 5:14
Normal Defense
1 - 40% - 40% - 20:45
2 - 31% - 30% - 16:07
3 - 20% - 20% - 10:11
4 - 10% - 10% - 4:57
PP Forward
1 - 52% - 60% - 2:06
2 - 48% - 40% - 1:56
PP Defense
1 - 57% - 60% - 2:19
2 - 43% - 40% - 1:43
PK Forward
1 - 75% - 60% - 2:58
2 - 25% - 40% - 1:00
PK Defense
1 - 61% - 60% - 2:25
2 - 39% - 40% - 1:33
PK3 Forward
1 - 0% - 60%
2 - 0% - 40%
PK3 Defense
1 - 0% - 60%
2 - 0% - 40%
44 Forward
1 - 0% - 60%
2 - 0% - 40%
44 Defense
1 - 0% - 60%
2 - 0% - 40%
Last Minute Offensive  - 0:00
Last Minute Defensive  - 0:00
Total
Forward - 60:00
Defense - 60:00

Play-by-Play

1st period


0:01 of 1st period - Travis Zajac wins face-off versus Evgeny Kuznetsov in neutral zone.
0:06 of 1st period - Wrist shot by Mats Zuccarello.
0:06 of 1st period - Stopped by Jonathan Quick with a rebound.
0:26 of 1st period - Travis Zajac is hit by Zach Sanford and loses puck.
0:51 of 1st period - Wrist shot by Nikita Gusev.
0:51 of 1st period - Stopped by Jonathan Quick with a rebound.
0:57 of 1st period - Marc-Edouard Vlasic is hit by Garnet Hathaway and loses puck.
1:10 of 1st period - Snap shot by Nikita Gusev.
1:10 of 1st period - Deflect By Josh Norris.
1:10 of 1st period - Stopped by Jonathan Quick with a rebound.
1:18 of 1st period - Snap shot by Michael Frolik.
1:18 of 1st period - Stopped by Pekka Rinne with a rebound.
1:20 of 1st period - Snap shot by Curtis Lazar.
1:20 of 1st period - Shot Misses the Net.
2:00 of 1st period - Slapshot by Christian Dvorak.
2:00 of 1st period - Deflect By Colin White.
2:00 of 1st period - Stopped by Pekka Rinne with a rebound.
2:26 of 1st period - Josh Archibald is hit by Jonathan Drouin and loses puck.
3:15 of 1st period - Nikita Gusev is hit by Jonathan Drouin and loses puck.
3:40 of 1st period - Wrist shot by Evgeny Kuznetsov.
3:40 of 1st period - Shot Misses the Net.
3:42 of 1st period - Slapshot by Andy Greene.
3:42 of 1st period - Stopped by Pekka Rinne with a rebound.
3:44 of 1st period - Wrist shot by Anthony Cirelli.
3:44 of 1st period - Shot Misses the Net.
5:40 of 1st period - Snap shot by Christian Dvorak.
5:40 of 1st period - Stopped by Pekka Rinne with a rebound.
5:56 of 1st period - Evander Kane is hit by Jacob de La Rose and loses puck.
6:32 of 1st period - Snap shot by Reilly Smith.
6:32 of 1st period - Shot Misses the Net.
6:42 of 1st period - Nathan Beaulieu is hit by Zach Sanford and loses puck.
7:07 of 1st period - Jonas Siegenthaler is hit by Evander Kane and loses puck.
8:33 of 1st period - Snap shot by Colin White.
8:33 of 1st period - Stopped by Pekka Rinne without a rebound.
8:34 of 1st period - Travis Zajac wins face-off versus Evgeny Kuznetsov in Panthers zone.
9:01 of 1st period - Reilly Smith is hit by Josh Norris and loses puck.
9:22 of 1st period - Snap shot by Christian Dvorak.
9:22 of 1st period - Deflect By Colin White.
9:22 of 1st period - Stopped by Pekka Rinne without a rebound.
9:23 of 1st period - Evgeny Kuznetsov wins face-off versus Josh Norris in Panthers zone.
9:51 of 1st period - Off-side.
9:52 of 1st period - Garnet Hathaway wins face-off versus Evgeny Kuznetsov in neutral zone.
10:03 of 1st period - Slapshot by Nikita Gusev.
10:03 of 1st period - Goal by Nikita Gusev - Blues : 0 - Panthers : 1.
10:04 of 1st period - Travis Zajac wins face-off versus Evgeny Kuznetsov in neutral zone.
10:33 of 1st period - Icing by Patrik Nemeth.
10:34 of 1st period - Jeff Carter wins face-off versus Garnet Hathaway in Panthers zone.
10:47 of 1st period - Snap shot by Nikita Gusev.
10:47 of 1st period - Shot Misses the Net.
10:49 of 1st period - Wrist shot by Nikita Gusev.
10:49 of 1st period - Shot Misses the Net.
11:26 of 1st period - Wrist shot by Christian Dvorak.
11:26 of 1st period - Stopped by Pekka Rinne without a rebound.
11:27 of 1st period - Christian Dvorak wins face-off versus Garnet Hathaway in Panthers zone.
12:02 of 1st period - Snap shot by Vincent Trocheck.
12:02 of 1st period - Goal by Vincent Trocheck - Blues : 0 - Panthers : 2.
12:03 of 1st period - Evgeny Kuznetsov wins face-off versus Travis Zajac in neutral zone.
12:53 of 1st period - Marc-Edouard Vlasic is hit by Matt Moulson.
13:08 of 1st period - Icing by Reilly Smith.
13:09 of 1st period - Jeff Carter wins face-off versus Travis Zajac in Blues zone.
13:30 of 1st period - Snap shot by Jonathan Drouin.
13:30 of 1st period - Stopped by Pekka Rinne with a rebound.
13:32 of 1st period - Snap shot by Jonathan Drouin.
13:32 of 1st period - Shot Misses the Net.
13:36 of 1st period - Wrist shot by Jonathan Drouin.
13:36 of 1st period - Shot Blocked by Travis Zajac.
13:38 of 1st period - Slapshot by Sean Walker.
13:38 of 1st period - Shot Misses the Net.
13:40 of 1st period - Wrist shot by Reilly Smith.
13:40 of 1st period - Stopped by Pekka Rinne with a rebound.
13:42 of 1st period - Snap shot by Jeff Carter.
13:42 of 1st period - Stopped by Pekka Rinne without a rebound.
13:43 of 1st period - Evgeny Kuznetsov wins face-off versus Garnet Hathaway in Panthers zone.
13:46 of 1st period - Snap shot by Evgeny Kuznetsov.
13:46 of 1st period - Shot Blocked by Greg Pateryn.
14:27 of 1st period - Off-side.
14:28 of 1st period - Melker Karlsson wins face-off versus Travis Zajac in neutral zone.
14:54 of 1st period - Vincent Trocheck is hit by Reilly Smith and loses puck.
15:04 of 1st period - Off-side.
15:05 of 1st period - Evgeny Kuznetsov wins face-off versus Marcus Foligno in neutral zone.
15:32 of 1st period - Reilly Smith is hit by Jamie Oleksiak and loses puck.
15:37 of 1st period - Wrist shot by Matt Moulson.
15:37 of 1st period - Stopped by Jonathan Quick with a rebound.
15:51 of 1st period - Andy Greene is hit by Vincent Trocheck and loses puck.
15:58 of 1st period - Wrist shot by Colin White.
15:58 of 1st period - Stopped by Pekka Rinne without a rebound.
15:59 of 1st period - Evgeny Kuznetsov wins face-off versus Garnet Hathaway in Panthers zone.
16:00 of 1st period - Wrist shot by Evander Kane.
16:00 of 1st period - Deflect By Anthony Cirelli.
16:00 of 1st period - Shot Misses the Net.
16:00 of 1st period - Puck is out of play.
16:01 of 1st period - Garnet Hathaway wins face-off versus Evgeny Kuznetsov in Panthers zone.
17:05 of 1st period - Justin Faulk is hit by Jacob de La Rose and loses puck.
17:12 of 1st period - Melker Karlsson is hit by Travis Zajac and loses puck.
17:37 of 1st period - Garnet Hathaway is hit by Anthony Cirelli and loses puck.
17:50 of 1st period - Snap shot by Evgeny Kuznetsov.
17:50 of 1st period - Deflect By Nikita Gusev.
17:50 of 1st period - Stopped by Pekka Rinne without a rebound.
17:51 of 1st period - Travis Zajac wins face-off versus Reilly Smith in Panthers zone.
18:18 of 1st period - Colin White is hit by Josh Archibald and loses puck.
19:21 of 1st period - Snap shot by Marcus Foligno.
19:21 of 1st period - Shot Misses the Net.
19:26 of 1st period - Off-side.
19:27 of 1st period - Jacob de La Rose wins face-off versus Evgeny Kuznetsov in neutral zone.
19:33 of 1st period - Wrist shot by Vincent Trocheck.
19:33 of 1st period - Shot Misses the Net.
19:37 of 1st period - Wrist shot by Vincent Trocheck.
19:37 of 1st period - Stopped by Jonathan Quick without a rebound.
19:38 of 1st period - Vincent Trocheck wins face-off versus Evgeny Kuznetsov in Blues zone.
19:46 of 1st period - Minor Penalty to Evander Kane for Interference.
19:47 of 1st period - Zach Sanford wins face-off versus Travis Zajac in Blues zone.
19:55 of 1st period - Morgan Rielly is hit by Travis Zajac and loses puck.
Goals for this period are 0 for Blues vs 2 for Panthers.
Shots for this period are 12 for Blues vs 7 for Panthers.

2nd period


0:01 of 2nd period - Travis Zajac wins face-off versus Zach Sanford in neutral zone.
1:01 of 2nd period - Nikita Gusev is hit by Marc-Edouard Vlasic and loses puck.
1:32 of 2nd period - Patrik Nemeth is hit by Zach Sanford and loses puck.
1:46 of 2nd period - Penalty to Evander Kane is over, Evander Kane is back on ice.
1:57 of 2nd period - Snap shot by Josh Archibald.
1:57 of 2nd period - Shot Blocked by Andy Greene.
2:03 of 2nd period - Snap shot by Josh Norris.
2:03 of 2nd period - Stopped by Jonathan Quick without a rebound.
2:04 of 2nd period - Melker Karlsson wins face-off versus Josh Norris in Blues zone.
2:04 of 2nd period - Melker Karlsson is hit by Matt Moulson.
2:49 of 2nd period - Snap shot by Josh Norris.
2:49 of 2nd period - Stopped by Jonathan Quick with a rebound.
2:51 of 2nd period - Slapshot by Jonas Siegenthaler.
2:51 of 2nd period - Stopped by Jonathan Quick with a rebound.
3:01 of 2nd period - Tyson Barrie is hit by Jeff Carter.
3:14 of 2nd period - Backhand shot by Curtis Lazar.
3:14 of 2nd period - Stopped by Pekka Rinne without a rebound.
3:15 of 2nd period - Travis Zajac wins face-off versus Melker Karlsson in Panthers zone.
3:15 of 2nd period - Travis Zajac is hit by Michael Frolik.
3:51 of 2nd period - Icing by Colin White.
3:52 of 2nd period - Garnet Hathaway wins face-off versus Christian Dvorak in Blues zone.
4:00 of 2nd period - Icing by Colin White.
4:01 of 2nd period - Travis Zajac wins face-off versus Christian Dvorak in Blues zone.
4:24 of 2nd period - Snap shot by Mats Zuccarello.
4:24 of 2nd period - Stopped by Jonathan Quick with a rebound.
4:26 of 2nd period - Wrist shot by Nathan Beaulieu.
4:26 of 2nd period - Stopped by Jonathan Quick without a rebound.
4:27 of 2nd period - Garnet Hathaway wins face-off versus Anthony Cirelli in Blues zone.
4:34 of 2nd period - Wrist shot by Marcus Foligno.
4:34 of 2nd period - Stopped by Jonathan Quick with a rebound.
4:40 of 2nd period - Marcus Foligno is hit by Evander Kane and loses puck.
5:19 of 2nd period - Wrist shot by Vincent Trocheck.
5:19 of 2nd period - Shot Blocked by Marc-Edouard Vlasic.
5:21 of 2nd period - Slapshot by Jamie Oleksiak.
5:21 of 2nd period - Deflect By Christian Dvorak.
5:21 of 2nd period - Stopped by Jonathan Quick without a rebound.
5:22 of 2nd period - Evgeny Kuznetsov wins face-off versus Travis Zajac in Blues zone.
5:47 of 2nd period - Tyson Barrie is hit by Jeff Carter and loses puck.
5:54 of 2nd period - Wrist shot by Reilly Smith.
5:54 of 2nd period - Shot Blocked by Nikita Gusev.
6:18 of 2nd period - Slapshot by Josh Archibald.
6:18 of 2nd period - Stopped by Jonathan Quick with a rebound.
6:30 of 2nd period - Wrist shot by Jacob de La Rose.
6:30 of 2nd period - Stopped by Jonathan Quick with a rebound.
6:58 of 2nd period - Slapshot by Nikita Gusev.
6:58 of 2nd period - Deflect By Evgeny Kuznetsov.
6:58 of 2nd period - Shot Misses the Net.
6:58 of 2nd period - Puck is out of play.
6:59 of 2nd period - Evgeny Kuznetsov wins face-off versus Josh Norris in Blues zone.
7:05 of 2nd period - Minor Penalty to Nathan Beaulieu for Holding Stick.
7:06 of 2nd period - Evgeny Kuznetsov wins face-off versus Travis Zajac in Panthers zone.
7:32 of 2nd period - Vincent Trocheck is hit by Reilly Smith.
8:18 of 2nd period - Mats Zuccarello is hit by Justin Faulk and loses puck.
8:39 of 2nd period - Josh Norris is hit by Evander Kane and loses puck.
9:05 of 2nd period - Penalty to Nathan Beaulieu is over, Nathan Beaulieu is back on ice.
9:24 of 2nd period - Matt Moulson is hit by Colin White and loses puck.
9:37 of 2nd period - Jamie Oleksiak is hit by Melker Karlsson and loses puck.
9:44 of 2nd period - Snap shot by Curtis Lazar.
9:44 of 2nd period - Shot Misses the Net.
11:38 of 2nd period - Icing by Libor Hajek.
11:39 of 2nd period - Christian Dvorak wins face-off versus Travis Zajac in Panthers zone.
11:42 of 2nd period - Snap shot by Colin White.
11:42 of 2nd period - Shot Misses the Net.
11:58 of 2nd period - Backhand shot by Evander Kane.
11:58 of 2nd period - Stopped by Pekka Rinne without a rebound.
11:59 of 2nd period - Evgeny Kuznetsov wins face-off versus Garnet Hathaway in Panthers zone.
12:00 of 2nd period - Backhand shot by Evander Kane.
12:00 of 2nd period - Shot Misses the Net.
12:03 of 2nd period - Minor Penalty to Patrik Nemeth for Roughing.
12:04 of 2nd period - Travis Zajac wins face-off versus Evgeny Kuznetsov in Panthers zone.
12:19 of 2nd period - Wrist shot by Travis Zajac.
12:19 of 2nd period - Deflect By Vincent Trocheck.
12:19 of 2nd period - Shot Blocked by Anthony Cirelli.
12:19 of 2nd period - Puck is out of play.
12:20 of 2nd period - Travis Zajac wins face-off versus Evgeny Kuznetsov in Blues zone.
14:03 of 2nd period - Penalty to Patrik Nemeth is over, Patrik Nemeth is back on ice.
14:05 of 2nd period - Icing by Jeff Carter.
14:06 of 2nd period - Jeff Carter wins face-off versus Garnet Hathaway in Blues zone.
14:06 of 2nd period - Jeff Carter is hit by Marcus Foligno.
14:31 of 2nd period - Colin White is hit by Matt Moulson and loses puck.
15:06 of 2nd period - Snap shot by Mats Zuccarello.
15:06 of 2nd period - Stopped by Jonathan Quick with a rebound.
15:08 of 2nd period - Snap shot by Patrik Nemeth.
15:08 of 2nd period - Stopped by Jonathan Quick without a rebound.
15:09 of 2nd period - Evgeny Kuznetsov wins face-off versus Travis Zajac in Blues zone.
15:22 of 2nd period - Morgan Rielly is hit by Travis Zajac and loses puck.
15:52 of 2nd period - Snap shot by Evgeny Kuznetsov.
15:52 of 2nd period - Stopped by Pekka Rinne with a rebound.
15:54 of 2nd period - Slapshot by Evander Kane.
15:54 of 2nd period - Stopped by Pekka Rinne with a rebound.
15:56 of 2nd period - Wrist shot by Evgeny Kuznetsov.
15:56 of 2nd period - Goal by Evgeny Kuznetsov - Blues : 1 - Panthers : 2.
15:57 of 2nd period - Garnet Hathaway wins face-off versus Jeff Carter in neutral zone.
16:20 of 2nd period - Icing by Nikita Gusev.
16:21 of 2nd period - Christian Dvorak wins face-off versus Garnet Hathaway in Panthers zone.
16:24 of 2nd period - Snap shot by Colin White.
16:24 of 2nd period - Shot Misses the Net.
16:26 of 2nd period - Wrist shot by Andy Greene.
16:26 of 2nd period - Stopped by Pekka Rinne with a rebound.
16:28 of 2nd period - Wrist shot by Evgeny Kuznetsov.
16:28 of 2nd period - Shot Misses the Net.
16:30 of 2nd period - Slapshot by Morgan Rielly.
16:30 of 2nd period - Deflect By Anthony Cirelli.
16:30 of 2nd period - Shot Blocked by Patrik Nemeth.
16:30 of 2nd period - Puck is out of play.
16:31 of 2nd period - Vincent Trocheck wins face-off versus Evgeny Kuznetsov in Panthers zone.
16:42 of 2nd period - Slapshot by Vincent Trocheck.
16:42 of 2nd period - Shot Misses the Net.
16:44 of 2nd period - Snap shot by Travis Zajac.
16:44 of 2nd period - Shot Misses the Net.
16:46 of 2nd period - Wrist shot by Mats Zuccarello.
16:46 of 2nd period - Shot Misses the Net.
17:17 of 2nd period - Josh Archibald is hit by Morgan Rielly and loses puck.
17:22 of 2nd period - Snap shot by Christian Dvorak.
17:22 of 2nd period - Shot Blocked by Jamie Oleksiak.
19:41 of 2nd period - Snap shot by Evgeny Kuznetsov.
19:41 of 2nd period - Goal by Evgeny Kuznetsov - Blues : 2 - Panthers : 2.
19:42 of 2nd period - Travis Zajac wins face-off versus Evgeny Kuznetsov in neutral zone.
19:49 of 2nd period - Snap shot by Mats Zuccarello.
19:49 of 2nd period - Deflect By Vincent Trocheck.
19:49 of 2nd period - Shot Blocked by Andy Greene.
19:49 of 2nd period - Puck is out of play.
19:50 of 2nd period - Vincent Trocheck wins face-off versus Evgeny Kuznetsov in Blues zone.
19:55 of 2nd period - Slapshot by Vincent Trocheck.
19:55 of 2nd period - Shot Misses the Net.
Goals for this period are 2 for Blues vs 0 for Panthers.
Shots for this period are 7 for Blues vs 11 for Panthers.

3rd period


0:01 of 3rd period - Evgeny Kuznetsov wins face-off versus Travis Zajac in neutral zone.
0:12 of 3rd period - Wrist shot by Evander Kane.
0:12 of 3rd period - Stopped by Pekka Rinne without a rebound.
0:13 of 3rd period - Travis Zajac wins face-off versus Evgeny Kuznetsov in Panthers zone.
0:38 of 3rd period - Nikita Gusev is hit by Reilly Smith and loses puck.
1:00 of 3rd period - Off-side.
1:01 of 3rd period - Christian Dvorak wins face-off versus Josh Norris in neutral zone.
1:37 of 3rd period - Snap shot by Christian Dvorak.
1:37 of 3rd period - Shot Blocked by Nathan Beaulieu.
1:37 of 3rd period - Nathan Beaulieu from Panthers is injured at 1:37 of 3rd period (Strained Right Elbow).
1:38 of 3rd period - Evgeny Kuznetsov wins face-off versus Travis Zajac in Panthers zone.
1:45 of 3rd period - Backhand shot by Tyson Barrie.
1:45 of 3rd period - Stopped by Jonathan Quick with a rebound.
1:47 of 3rd period - Slapshot by Patrik Nemeth.
1:47 of 3rd period - Shot Misses the Net.
1:49 of 3rd period - Slapshot by Travis Zajac.
1:49 of 3rd period - Shot Blocked by Evander Kane.
1:51 of 3rd period - Slapshot by Tyson Barrie.
1:51 of 3rd period - Shot Misses the Net.
2:18 of 3rd period - Snap shot by Anthony Cirelli.
2:18 of 3rd period - Shot Misses the Net.
2:24 of 3rd period - Snap shot by Evgeny Kuznetsov.
2:24 of 3rd period - Shot Misses the Net.
2:39 of 3rd period - Snap shot by Evgeny Kuznetsov.
2:39 of 3rd period - Stopped by Pekka Rinne without a rebound.
2:40 of 3rd period - Jeff Carter wins face-off versus Travis Zajac in Panthers zone.
2:41 of 3rd period - Snap shot by Jonathan Drouin.
2:41 of 3rd period - Shot Misses the Net.
2:43 of 3rd period - Slapshot by Jeff Carter.
2:43 of 3rd period - Shot Misses the Net.
2:45 of 3rd period - Snap shot by Jeff Carter.
2:45 of 3rd period - Stopped by Pekka Rinne without a rebound.
2:46 of 3rd period - Travis Zajac wins face-off versus Jeff Carter in Panthers zone.
2:57 of 3rd period - Greg Pateryn is hit by Jonathan Drouin and loses puck.
3:04 of 3rd period - Reilly Smith is hit by Vincent Trocheck and loses puck.
3:11 of 3rd period - Wrist shot by Mats Zuccarello.
3:11 of 3rd period - Stopped by Jonathan Quick with a rebound.
3:13 of 3rd period - Snap shot by Travis Zajac.
3:13 of 3rd period - Stopped by Jonathan Quick with a rebound.
3:15 of 3rd period - Snap shot by Vincent Trocheck.
3:15 of 3rd period - Goal by Vincent Trocheck - Blues : 2 - Panthers : 3.
3:16 of 3rd period - Travis Zajac wins face-off versus Evgeny Kuznetsov in neutral zone.
3:26 of 3rd period - Off-side.
3:27 of 3rd period - Evgeny Kuznetsov wins face-off versus Travis Zajac in neutral zone.
3:45 of 3rd period - Off-side.
3:46 of 3rd period - Jeff Carter wins face-off versus Garnet Hathaway in neutral zone.
4:21 of 3rd period - Icing by Tyson Barrie.
4:22 of 3rd period - Travis Zajac wins face-off versus Evgeny Kuznetsov in Panthers zone.
4:38 of 3rd period - Minor Penalty to Evander Kane for Elbowing.
4:39 of 3rd period - Travis Zajac wins face-off versus Zach Sanford in Blues zone.
4:42 of 3rd period - Snap shot by Travis Zajac.
4:42 of 3rd period - Goal by Travis Zajac - Blues : 2 - Panthers : 4.
4:43 of 3rd period - Travis Zajac wins face-off versus Evgeny Kuznetsov in neutral zone.
4:46 of 3rd period - Wrist shot by Jamie Oleksiak.
4:46 of 3rd period - Shot Blocked by Andy Greene.
4:48 of 3rd period - Wrist shot by Travis Zajac.
4:48 of 3rd period - Stopped by Jonathan Quick with a rebound.
4:50 of 3rd period - Slapshot by Jamie Oleksiak.
4:50 of 3rd period - Shot Blocked by Andy Greene.
4:52 of 3rd period - Slapshot by Mats Zuccarello.
4:52 of 3rd period - Stopped by Jonathan Quick with a rebound.
4:54 of 3rd period - Wrist shot by Travis Zajac.
4:54 of 3rd period - Shot Blocked by Morgan Rielly.
4:56 of 3rd period - Snap shot by Vincent Trocheck.
4:56 of 3rd period - Stopped by Jonathan Quick with a rebound.
5:20 of 3rd period - Snap shot by Jeff Carter.
5:20 of 3rd period - Stopped by Pekka Rinne without a rebound.
5:21 of 3rd period - Travis Zajac wins face-off versus Evgeny Kuznetsov in Panthers zone.
5:32 of 3rd period - Snap shot by Mats Zuccarello.
5:32 of 3rd period - Shot Misses the Net.
5:34 of 3rd period - Slapshot by Tyson Barrie.
5:34 of 3rd period - Stopped by Jonathan Quick without a rebound.
5:35 of 3rd period - Jeff Carter wins face-off versus Travis Zajac in Blues zone.
5:48 of 3rd period - Snap shot by Reilly Smith.
5:48 of 3rd period - Shot Blocked by Jonas Siegenthaler.
6:03 of 3rd period - Off-side.
6:04 of 3rd period - Christian Dvorak wins face-off versus Garnet Hathaway in neutral zone.
6:09 of 3rd period - Snap shot by Colin White.
6:09 of 3rd period - Shot Misses the Net.
6:20 of 3rd period - Slapshot by Patrik Nemeth.
6:20 of 3rd period - Stopped by Jonathan Quick without a rebound.
6:21 of 3rd period - Travis Zajac wins face-off versus Evgeny Kuznetsov in Blues zone.
6:32 of 3rd period - Snap shot by Vincent Trocheck.
6:32 of 3rd period - Stopped by Jonathan Quick with a rebound.
6:34 of 3rd period - Slapshot by Jamie Oleksiak.
6:34 of 3rd period - Shot Misses the Net.
6:36 of 3rd period - Slapshot by Jamie Oleksiak.
6:36 of 3rd period - Stopped by Jonathan Quick with a rebound.
6:48 of 3rd period - Marcus Foligno is hit by Jonathan Drouin and loses puck.
7:27 of 3rd period - Off-side.
7:28 of 3rd period - Zach Sanford wins face-off versus Travis Zajac in neutral zone.
7:38 of 3rd period - Minor Penalty to Zach Sanford for Holding.
7:39 of 3rd period - Travis Zajac wins face-off versus Evander Kane in Blues zone.
9:10 of 3rd period - Marcus Foligno is hit by Anthony Cirelli and loses puck.
9:28 of 3rd period - Greg Pateryn is hit by Melker Karlsson and loses puck.
9:38 of 3rd period - Penalty to Zach Sanford is over, Zach Sanford is back on ice.
10:55 of 3rd period - Mats Zuccarello is hit by Colin White and loses puck.
11:14 of 3rd period - Snap shot by Jonathan Drouin.
11:14 of 3rd period - Stopped by Pekka Rinne without a rebound.
11:15 of 3rd period - Josh Norris wins face-off versus Jeff Carter in Panthers zone.
11:15 of 3rd period - Josh Norris is hit by Jeff Carter.
11:56 of 3rd period - Snap shot by Christian Dvorak.
11:56 of 3rd period - Deflect By Zach Sanford.
11:56 of 3rd period - Shot Misses the Net.
11:56 of 3rd period - Puck is out of play.
11:57 of 3rd period - Josh Norris wins face-off versus Christian Dvorak in Panthers zone.
12:48 of 3rd period - Marc-Edouard Vlasic is hit by Nikita Gusev and loses puck.
13:02 of 3rd period - Icing by Justin Faulk.
13:03 of 3rd period - Josh Norris wins face-off versus Melker Karlsson in Blues zone.
13:28 of 3rd period - Anthony Cirelli is hit by Travis Zajac and loses puck.
13:49 of 3rd period - Snap shot by Jonathan Drouin.
13:49 of 3rd period - Stopped by Pekka Rinne with a rebound.
13:51 of 3rd period - Wrist shot by Jonathan Drouin.
13:51 of 3rd period - Stopped by Pekka Rinne without a rebound.
13:52 of 3rd period - Garnet Hathaway wins face-off versus Jeff Carter in Panthers zone.
13:52 of 3rd period - Garnet Hathaway is hit by Jeff Carter.
14:16 of 3rd period - Patrik Nemeth is hit by Reilly Smith and loses puck.
14:23 of 3rd period - Greg Pateryn is hit by Reilly Smith and loses puck.
15:07 of 3rd period - Snap shot by Jonathan Drouin.
15:07 of 3rd period - Shot Misses the Net.
15:11 of 3rd period - Wrist shot by Reilly Smith.
15:11 of 3rd period - Stopped by Pekka Rinne without a rebound.
15:12 of 3rd period - Jacob de La Rose wins face-off versus Evgeny Kuznetsov in Panthers zone.
15:43 of 3rd period - Slapshot by Nikita Gusev.
15:43 of 3rd period - Stopped by Jonathan Quick with a rebound.
15:45 of 3rd period - Snap shot by Garnet Hathaway.
15:45 of 3rd period - Stopped by Jonathan Quick with a rebound.
15:47 of 3rd period - Snap shot by Marcus Foligno.
15:47 of 3rd period - Stopped by Jonathan Quick with a rebound.
16:13 of 3rd period - Curtis Lazar is hit by Garnet Hathaway.
16:59 of 3rd period - Icing by Garnet Hathaway.
17:00 of 3rd period - Jeff Carter wins face-off versus Garnet Hathaway in Panthers zone.
17:03 of 3rd period - Wrist shot by Christian Dvorak.
17:03 of 3rd period - Stopped by Pekka Rinne with a rebound.
17:05 of 3rd period - Slapshot by Jeff Carter.
17:05 of 3rd period - Stopped by Pekka Rinne with a rebound.
17:07 of 3rd period - Slapshot by Sean Walker.
17:07 of 3rd period - Shot Misses the Net.
17:19 of 3rd period - Slapshot by Jamie Oleksiak.
17:19 of 3rd period - Stopped by Jonathan Quick with a rebound.
17:25 of 3rd period - Jamie Oleksiak is hit by Evgeny Kuznetsov.
17:45 of 3rd period - Melker Karlsson is hit by Jamie Oleksiak and loses puck.
18:01 of 3rd period - Wrist shot by Michael Frolik.
18:01 of 3rd period - Stopped by Pekka Rinne without a rebound.
18:02 of 3rd period - Evgeny Kuznetsov wins face-off versus Jacob de La Rose in Panthers zone.
18:06 of 3rd period - Wrist shot by Anthony Cirelli.
18:06 of 3rd period - Stopped by Pekka Rinne with a rebound.
18:08 of 3rd period - Wrist shot by Justin Faulk.
18:08 of 3rd period - Stopped by Pekka Rinne without a rebound.
18:09 of 3rd period - Jacob de La Rose wins face-off versus Evgeny Kuznetsov in Panthers zone.
18:25 of 3rd period - Off-side.
18:26 of 3rd period - Jeff Carter wins face-off versus Garnet Hathaway in neutral zone.
18:37 of 3rd period - Snap shot by Nikita Gusev.
18:37 of 3rd period - Shot Misses the Net.
18:39 of 3rd period - Snap shot by Patrik Nemeth.
18:39 of 3rd period - Shot Blocked by Andy Greene.
18:41 of 3rd period - Snap shot by Tyson Barrie.
18:41 of 3rd period - Stopped by Jonathan Quick with a rebound.
19:39 of 3rd period - Matt Moulson is hit by Zach Sanford and loses puck.
19:54 of 3rd period - Wrist shot by Jonathan Drouin.
19:54 of 3rd period - Stopped by Pekka Rinne without a rebound.
19:55 of 3rd period - Vincent Trocheck wins face-off versus Jonathan Drouin in Panthers zone.
19:55 of 3rd period - Vincent Trocheck is hit by MacKenzie Weegar.
Goals for this period are 0 for Blues vs 2 for Panthers.
Shots for this period are 14 for Blues vs 17 for Panthers.